 Dungeon Crawl Stone Soup version 0.22-a0-617-g6d95e9e (webtiles) character file.

1541 sking99 the Carver (level 8, -1/73 HPs)
             Began as a Red Draconian Warper on July 12, 2018.
             Was an Initiate of Gozag.
             Slain by an ogre
             ... wielding a +0 giant spiked club
              (31 damage)
             ... on level 6 of the Dungeon.
             The game lasted 00:09:26 (6758 turns).

sking99 the Carver (Red Draconian Warper)           Turns: 6758, Time: 00:09:27

Health: -1/73      AC:  7    Str: 13    XL:     8   Next: 56%
Magic:  8/11       EV: 12    Int: 13    God:    Gozag
Gold:   247        SH:  0    Dex: 14    Spells: 7/11 levels left

rFire    + . .     SeeInvis .   a - +1 falchion
rCold    + . .     Gourm    .   (no shield)
rNeg     . . .     Faith    .   (armour unavailable)
rPois    .         Spirit   .   (helmet restricted)
rElec    .         Reflect  .   (no cloak)
rCorr    .         Harm     .   (no gloves)
MR       .....                  s - +0 pair of boots
Stlth    ++........             (no amulet)
HPRegen  0.22/turn              e - ring of protection from cold
MPRegen  0.12/turn              g - ring of stealth

@: confused, slowed, very slow
A: breathe fire, unfitting armour, fire resistance 1, cold-blooded, AC +6
a: Breathe Fire, Potion Petition, Call Merchant, Bribe Branch, Renounce Religion


You were on level 6 of the Dungeon.
You worshipped Gozag.
Gozag was aware of your devotion.
You were near starving.

You visited 1 branch of the dungeon, and saw 7 of its levels.

You collected 327 gold pieces.
You paid 80 gold pieces to Gozag.

Inventory:

Hand Weapons
 a - a +1 falchion (weapon)
Missiles
 d - 5 tomahawks of dispersal (quivered)
Armour
 s - a +0 pair of boots (worn)
Jewellery
 e - a ring of protection from cold (left hand)
 g - a ring of stealth (right hand)
Wands
 n - a wand of random effects (30)
 t - a wand of enslavement (31)
Scrolls
 c - a scroll of blinking
 k - a scroll of identify
 p - 2 scrolls of fog
 u - 4 scrolls of teleportation
Potions
 b - a potion of mutation {unknown}
 h - a potion of flight {unknown}
 j - a potion of lignification {unknown}
 l - a potion of cancellation {unknown}
 m - a potion of ambrosia {unknown}
 o - a potion of might {unknown}
 q - 3 potions of degeneration
 r - 4 potions of curing {unknown}
 v - a potion of magic {unknown}
 w - a potion of resistance {unknown}
Comestibles
 f - 7 rations


   Skills:
 + Level 7.1 Fighting
 * Level 9.1 Long Blades
 - Level 0.8 Throwing
 - Level 2.1 Dodging
 - Level 2.0 Spellcasting
 - Level 3.0 Translocations


You had 7 spell levels left.
You knew the following spells:

 Your Spells              Type           Power        Failure   Level  Hunger
a - Blink                 Tloc           N/A          11%         2    ###....
b - Shroud of Golubria    Chrm/Tloc      #.........   21%         2    ###....

Your spell library contained the following spells:

 Spells                   Type           Power        Failure   Level  Hunger
 Teleport Other           Tloc           #.......     22%         3    ####...
 Passage of Golubria      Tloc           N/A          58%         4    #####..
 Gell's Gravitas          Tloc           #.........   22%         3    ####...
 Lesser Beckoning         Tloc           #.........   22%         3    ####...


Dungeon Overview and Level Annotations

Branches:
Dungeon (7/15)
 Temple: D:4-7

Altars:
Cheibriados
Dithmenos
Fedhas
Gozag
Sif Muna

Shops:
D:5 %


Innate Abilities, Weirdness & Mutations

You can breathe blasts of fire.
Your fiery red scales are hard. (AC +6)
You cannot fit into any form of body armour.
Your flesh is heat resistant. (rF+)
You are cold-blooded and may be slowed by cold attacks.


Message History

The orc wizard blinks!
The orc wizard casts a spell.
The orc wizard blinks!
The ogre hits you with a giant spiked club!
* * * LOW HITPOINT WARNING * * *
Things that are here:
17 gold pieces; a leather armour You're too confused to cast spells.
You feel much better. Something hits you but does no damage.
The orc wizard points at you and mumbles some strange words.
The magic dart hits you! The ogre barely misses you.
The orc wizard points at you and mumbles some strange words.
You feel as though you will be slow longer.
The orc wizard completely misses you. Something hits you but does no damage.
You're too confused to move!
The orc wizard hits you but does no damage.
Something hits you but does no damage.
The ogre hits you with a giant spiked club!!
You die...
Your body crumbles into a pile of gold.

### #.. #.# #.#
################.# .#
...$$..........>.#####.#
#####.#########.@o....<#
#.# #.O$..#..# #.#
##..$....# #.# #....#..#
#.# #.......# #.#
###...#.# #.# #.....#
#.# #..##.# #.# #... .#


You could see an ogre and an orc wizard.

Vanquished Creatures
  Sigmund (D:5)
  A phantom (D:2)
  2 ogres
  A necrophage (D:6)
  Blork the orc (D:5)
  A bullfrog (D:6)
  2 scorpions
  3 crimson imps
  A bullfrog zombie (D:5)
  A centaur zombie (D:5)
  3 orc priests
  3 orc wizards
  A bullfrog skeleton (D:5)
  An iguana (D:5)
  6 worker ants
  A hound zombie (D:6)
  2 worker ant zombies
  7 adders
  A howler monkey skeleton (D:6)
  An adder skeleton (D:4)
  3 worms
  5 leopard geckos
  23 orcs
  A ball python (D:1)
  4 bats
  6 giant cockroaches
  7 goblins
  15 hobgoblins
  6 jackals
  2 kobolds
  8 quokkas
  5 frilled lizards
  A leopard gecko skeleton (D:4)
  7 rats
133 creatures vanquished.

Vanquished Creatures (others)
  An orc wizard (D:6)
1 creature vanquished.

Grand Total: 134 creatures vanquished

Notes
Turn   | Place    | Note
-------+----------+-------------------------------------------
     0 | D:1      | sking99 the Draconian Warper began the quest for the Orb.
     0 | D:1      | Reached XP level 1. HP: 17/17 MP: 3/3
   220 | D:1      | Reached XP level 2. HP: 19/25 MP: 5/5
   857 | D:2      | Noticed a phantom
   936 | D:2      | Learned a level 2 spell: Blink
   939 | D:2      | Learned a level 2 spell: Shroud of Golubria
   947 | D:2      | Reached skill level 3 in Long Blades
   963 | D:2      | Reached XP level 3. HP: 26/30 MP: 4/6
  1012 | D:2      | Killed a phantom
  1012 | D:2      | Reached skill level 4 in Long Blades
  1012 | D:2      | Reached XP level 4. HP: 6/40 MP: 7/7
  1585 | D:2      | Reached XP level 5. HP: 37/46 MP: 6/8
  1907 | D:3      | Found a snail-covered altar of Cheibriados.
  2628 | D:4      | Reached skill level 5 in Long Blades
  2895 | D:4      | Reached XP level 6. HP: 27/53 MP: 6/9
  3873 | D:5      | Entered Level 5 of the Dungeon
  3898 | D:5      | Reached skill level 6 in Long Blades
  4240 | D:5      | Found an opulent altar of Gozag.
  4263 | D:5      | Reached skill level 5 in Fighting
  4300 | D:5      | Found a blossoming altar of Fedhas.
  4324 | D:5      | Your scales start taking on a fiery red colour.
  4324 | D:5      | Reached XP level 7. HP: 59/61 MP: 8/10
  4324 | D:5      | Gained mutation: Your flesh is heat resistant. (rF+) [Red Draconian growth]
  4366 | D:5      | Found a shadowy altar of Dithmenos.
  4393 | D:5      | Noticed Sigmund
  4400 | D:5      | Killed Sigmund
  4714 | D:5      | Reached skill level 7 in Long Blades
  4970 | D:5      | Found a deep blue altar of Sif Muna.
  5046 | D:5      | Found Fapra's Food Boutique.
  5086 | D:5      | Noticed Blork the orc
  5096 | D:5      | Killed Blork the orc
  5096 | D:5      | Reached XP level 8. HP: 57/70 MP: 11/11
  5837 | D:5      | Became a worshipper of Gozag Ym Sagoz the Greedy
  5902 | D:6      | Reached skill level 8 in Long Blades
  6712 | D:6      | Reached skill level 9 in Long Blades
  6758 | D:6      | Slain by an ogre

Vault maps used:
D:1:      lemuel_arrival_river_bridge, kennysheep_flooded_box
D:2:      first_ration
D:3:      nicolae_overflow_crystal_walls
D:4:      minmay_goblin_kobold_house
D:5:      overflow_temple_1_default, grunt_dithmenos_smoke,
          nicolae_overflow_hidden_temple, fedhas_altar_3, serial_shops,
          shop_statue, uniq_sigmund, uniq_blork_the_orc
D:7:      amethyst_overflow_temple_binary, minmay_temple_entry_butterflies

Skill      XL: |  1  2  3  4  5  6  7  8 |
---------------+-------------------------+-----
Long Blades    | 3 4 5 6 7 9 |  9.1
Fighting       | 3 4 5 6 7 |  7.1
Throwing       | |  0.8
Dodging        | |  2.1
Spellcasting   | |  2.0
Translocations | |  3.0

Action                   |  1- 3 |  4- 6 |  7- 9 || total
-------------------------+-------+-------+-------++-------
Melee: Falchion          |    99 |   263 |   195 ||   557
       Tailslap          |    10 |    55 |    31 ||    96
 Cast: Shroud of Golubri |     2 |     9 |     2 ||    13
       Blink             |       |     3 |     2 ||     5
 Abil: Breathe Fire      |       |       |    12 ||    12
  Use: Potion            |     1 |     1 |     1 ||     3
       Scroll            |       |    11 |       ||    11
 Stab: Distracted        |     1 |       |       ||     1
       Sleeping          |     1 |     3 |       ||     4
  Eat: Chunk             |       |    13 |     5 ||    18
       Ration            |       |       |     1 ||     1
Armor: Skin              |    20 |    81 |    80 ||   181
Dodge: Dodged            |    57 |   200 |   114 ||   371
       Rpst.: Falchion   |    17 |    71 |    31 ||   119

Table legend:
 A = Spawn XP
 B = Non-spawn XP
 C = Spawn XP percentage of total XP
 D = Spawn monster count
 E = Non-spawn monster count
 F = Spawn count percentage of total count
 G = Total turns spent on level
                    A         B        C        D         E        F      G
               +---------+---------+-------+---------+---------+-------+---------
         Total |       0 |    2202 |   0.0 |       0 |     134 |   0.0 |  6758
               +---------+---------+-------+---------+---------+-------+---------
           D:1 |       0 |      31 |   0.0 |       0 |      19 |   0.0 |  1179
           D:2 |       0 |     181 |   0.0 |       0 |      15 |   0.0 |   676
           D:3 |       0 |      45 |   0.0 |       0 |      17 |   0.0 |   915
           D:4 |       0 |     293 |   0.0 |       0 |      28 |   0.0 |  1103
           D:5 |       0 |     945 |   0.0 |       0 |      28 |   0.0 |  1984
           D:6 |       0 |     707 |   0.0 |       0 |      27 |   0.0 |   893
               +---------+---------+-------+---------+---------+-------+---------
